 Dungeon Crawl Stone Soup version 0.23-a0-8-gb809bb7 (webtiles) character file.

2538 MrElk the Ducker (level 9, -14/74 HPs)
             Began as a Gnoll Monk on Aug 1, 2018.
             Was an Initiate of Gozag.
             Demolished by a two-headed ogre
             ... wielding a +0 giant club
              (20 damage)
             ... on level 8 of the Dungeon.
             The game lasted 00:36:16 (8675 turns).

MrElk the Ducker (Gnoll Monk)                       Turns: 8675, Time: 00:36:18

Health: -14/74     AC:  8    Str: 16    XL:     9   Next: 55%
Magic:  15/15      EV: 15    Int: 12    God:    Gozag
Gold:   597        SH:  0    Dex: 19    Spells: 14/16 levels left

rFire    . . .     SeeInvis .   B - +0 long sword
rCold    . . .     Gourm    .   (no shield)
rNeg     . . .     Faith    .   j - +0 scale mail
rPois    .         Spirit   .   (no helmet)
rElec    .         Reflect  .   (no cloak)
rCorr    .         Harm     .   (no gloves)
MR       .....                  s - +0 pair of boots
Stlth    ++........             (no amulet)
HPRegen  0.22/turn              (no ring)
MPRegen  0.14/turn              (no ring)

@: no status effects
A: distributed training, fangs 1, strong nose
a: Potion Petition, Call Merchant, Bribe Branch, Renounce Religion


You were on level 8 of the Dungeon.
You worshipped Gozag.
Gozag was pleased with you.
You were not hungry.

You visited 2 branches of the dungeon, and saw 9 of its levels.
You also visited: Ossuary.

You collected 597 gold pieces.

Inventory:

Hand Weapons
 a - a +0 shortbow
 b - a +0 halberd
 x - a +0 hunting sling
 B - a +0 long sword (weapon)
Missiles
 g - 74 arrows
 i - 2 throwing nets (quivered)
 o - 34 sling bullets
 D - 42 bolts
Armour
 d - a +0 chain mail
 j - a +0 scale mail (worn)
 s - a +0 pair of boots (worn)
Jewellery
 q - an uncursed ring of wizardry
Wands
 n - a wand of enslavement (13)
Scrolls
 k - a scroll of noise {unknown}
 l - 3 scrolls of immolation {unknown}
 p - 4 scrolls of remove curse {unknown}
 t - a scroll of amnesia {unknown}
 u - 5 scrolls of teleportation {unknown}
 v - a scroll of random uselessness {unknown}
 y - a scroll of enchant armour {unknown}
 z - a scroll of enchant weapon {unknown}
 C - 2 scrolls of magic mapping {unknown}
 F - a scroll of fear {unknown}
Potions
 e - 2 potions of mutation
 f - a potion of invisibility {unknown}
 h - 4 potions of curing
 m - a potion of agility
 r - 3 potions of brilliance
 w - a potion of lignification
 A - a potion of might {unknown}
 E - a potion of flight {unknown}
 G - a potion of cancellation {unknown}
Comestibles
 c - 7 rations


   Skills:
 + Level 7.9 Fighting
 + Level 4.2 Short Blades
 + Level 7.9 Long Blades
 + Level 4.2 Axes
 + Level 4.2 Maces & Flails
 + Level 4.2 Polearms
 + Level 4.2 Staves
 + Level 4.2 Slings
 + Level 4.2 Bows
 + Level 4.2 Crossbows
 + Level 4.2 Throwing
 + Level 4.2 Armour
 + Level 7.9 Dodging
 + Level 6.0 Stealth
 + Level 4.2 Shields
 + Level 4.2 Unarmed Combat
 + Level 4.2 Spellcasting
 + Level 3.5 Conjurations
 + Level 3.5 Hexes
 + Level 3.5 Charms
 + Level 3.5 Summonings
 + Level 3.5 Necromancy
 + Level 3.5 Translocations
 + Level 3.5 Transmutations
 + Level 3.5 Fire Magic
 + Level 3.5 Ice Magic
 + Level 3.5 Air Magic
 + Level 3.5 Earth Magic
 + Level 3.5 Poison Magic
 + Level 4.7 Invocations
 + Level 4.2 Evocations


You had 14 spell levels left.
You knew the following spells:

 Your Spells              Type           Power        Failure   Level  Hunger
a - Call Imp              Summ           ##......     26%         2    ##.....

Your spell library contained the following spells:

 Spells                   Type           Power        Failure   Level  Hunger
 Magic Dart               Conj           ##..         17%         1    None
 Conjure Flame            Conj/Fire      ##......     45%         3    ###....
 Slow                     Hex            ##......     26%         2    ##.....
 Confuse                  Hex            ##......     45%         3    ###....
 Mephitic Cloud           Conj/Pois/Air  ##......     45%         3    ###....
 Blink                    Tloc           N/A          26%         2    ##.....
 Confusing Touch          Hex            ##....       17%         1    None
 Metabolic Englaciation   Hex/Ice        ##........   99%         5    ######.
 Petrify                  Tmut/Erth      ##......     86%         4    ####...
 Gell's Gravitas          Tloc           ##........   45%         3    ###....
 Yara's Violent Unravell  Hex/Tmut       ##........   99%         5    ######.


Dungeon Overview and Level Annotations

Branches:
Dungeon (8/15)             Temple (1/1) D:6
   Lair: D:8-11

Altars:
Fedhas
Gozag
Nemelex Xobeh
Okawaru
Qazlal
Uskayaw
Vehumet
Wu Jian

Annotations:
D:7 3 runed doors, Kuinu's ghost, novice DrFE; Mgcat's ghost, novice MfTm; riteheju's ghost, novice DsAs


Innate Abilities, Weirdness & Mutations

Your experience applies equally to all skills.
You have very sharp teeth.
Your uncanny sense of smell can sniff out nearby items.


Message History

The two-headed ogre barely misses you.
You riposte.
You slash the two-headed ogre!
You bite the two-headed ogre, but do no damage.
The two-headed ogre is almost dead.
The two-headed ogre hits you with a giant spiked club!!
* * * LOW HITPOINT WARNING * * *
You feel better.
The two-headed ogre hits you with a giant club!
* * * LOW HITPOINT WARNING * * *
The two-headed ogre completely misses you.
You closely miss the two-headed ogre.
The two-headed ogre is almost dead.
You barely miss the two-headed ogre.
The two-headed ogre is almost dead.
The two-headed ogre misses you.
You riposte.
You hit the two-headed ogre but do no damage.
The two-headed ogre is almost dead.
The two-headed ogre hits you with a giant spiked club!!
You die...
Your body crumbles into a pile of gold.

##### .#
#...#######..##
######..............
.....[..(..O@.##.
#######(#####.# #.#
.# .!......# .#
#.......# .#
...####.# .#
..O#((#.# ..
._.#..#.# ##
...#..#.#


You could see a two-headed ogre.

Vanquished Creatures
  The ghost of inmateoo the Chopper, a novice HuBe of Trog (D:4)
  2 phantoms
  2 sky beasts
  A black bear (D:6)
  3 centaurs
  3 ogres
  2 bullfrogs (D:6)
  A wyvern zombie (D:7)
  3 scorpions
  3 crimson imps
  A bullfrog zombie (D:6)
  A bullfrog skeleton (D:4)
  A gnoll shaman (D:5)
  4 hounds
  A jelly (D:6)
  An orc priest (D:3)
  A centaur skeleton (D:7)
  2 orc wizards (D:4)
  2 iguanas
  4 worker ants
  4 big kobold zombies (Ossuary)
  3 hound skeletons
  2 mummies (Ossuary)
  5 gnolls
  2 river rats (D:6)
  8 adders
  2 adder skeletons
  2 worms (D:2)
  A dart slug (D:1)
  5 leopard geckos
  11 orcs
  6 bats
  7 giant cockroaches
  9 hobgoblins
  7 jackals
  A ball python (D:3)
  8 frilled lizards
  3 gnoll zombies (Ossuary)
  9 goblins
  A goblin zombie (Ossuary)
  A hobgoblin zombie (Ossuary)
  9 kobolds
  A kobold zombie (D:6)
  A leopard gecko skeleton (D:6)
  A leopard gecko zombie (D:6)
  6 rats
154 creatures vanquished.

Vanquished Creatures (others)
  4 withered plants (D:7)
4 creatures vanquished.

Grand Total: 158 creatures vanquished

Notes
Turn   | Place    | Note
-------+----------+-------------------------------------------
     0 | D:1      | MrElk the Gnoll Monk began the quest for the Orb.
     0 | D:1      | Reached XP level 1. HP: 23/23 MP: 1/1
   126 | D:1      | Reached XP level 2. HP: 29/29 MP: 2/2
   189 | D:1      | Reached XP level 3. HP: 24/35 MP: 3/3
   632 | D:1      | Reached skill level 1 in Invocations
  1019 | D:2      | Reached skill level 1 in Short Blades
  1019 | D:2      | Reached skill level 1 in Axes
  1019 | D:2      | Reached skill level 1 in Maces & Flails
  1019 | D:2      | Reached skill level 1 in Polearms
  1019 | D:2      | Reached skill level 1 in Staves
  1019 | D:2      | Reached skill level 1 in Slings
  1019 | D:2      | Reached skill level 1 in Bows
  1019 | D:2      | Reached skill level 1 in Crossbows
  1019 | D:2      | Reached skill level 1 in Throwing
  1019 | D:2      | Reached skill level 1 in Armour
  1019 | D:2      | Reached skill level 1 in Shields
  1019 | D:2      | Reached skill level 1 in Unarmed Combat
  1019 | D:2      | Reached skill level 1 in Spellcasting
  1019 | D:2      | Reached skill level 1 in Evocations
  1068 | D:2      | Reached XP level 4. HP: 36/41 MP: 5/5
  1673 | D:3      | Reached skill level 1 in Conjurations
  1673 | D:3      | Reached skill level 1 in Hexes
  1673 | D:3      | Reached skill level 1 in Charms
  1673 | D:3      | Reached skill level 1 in Summonings
  1673 | D:3      | Reached skill level 1 in Necromancy
  1673 | D:3      | Reached skill level 1 in Translocations
  1673 | D:3      | Reached skill level 1 in Transmutations
  1673 | D:3      | Reached skill level 1 in Fire Magic
  1673 | D:3      | Reached skill level 1 in Ice Magic
  1673 | D:3      | Reached skill level 1 in Air Magic
  1673 | D:3      | Reached skill level 1 in Earth Magic
  1673 | D:3      | Reached skill level 1 in Poison Magic
  1822 | D:3      | Reached XP level 5. HP: 44/47 MP: 6/6
  2557 | D:4      | Noticed a phantom
  2567 | D:4      | Killed a phantom
  2567 | D:4      | Reached XP level 6. HP: 48/53 MP: 8/8
  2620 | D:4      | Noticed a sky beast
  2636 | D:4      | Killed a sky beast
  3090 | D:4      | Reached XP level 7. HP: 36/59 MP: 10/10
  3438 | D:4      | Found a runed door.
  3442 | D:4      | Noticed inmateoo's ghost (novice HuBe)
  4034 | D:5      | Entered Level 5 of the Dungeon
  4451 | D:5      | Reached skill level 5 in Stealth
  4940 | D:5      | Reached XP level 8. HP: 35/67 MP: 12/12
  5855 | D:6      | Found a sand-covered staircase.
  5874 | Ossuary  | Entered an ossuary
  6314 | D:6      | Reached XP level 9. HP: 41/72 MP: 14/14
  6380 | D:6      | Learned a level 2 spell: Call Imp
  6631 | D:6      | Found a staircase to the Ecumenical Temple.
  6641 | Temple   | Entered the Ecumenical Temple
  6648 | Temple   | Became a worshipper of Gozag Ym Sagoz the Greedy
  6761 | D:6      | Found a sparkling altar of Nemelex Xobeh.
  7058 | D:7      | Found an iron altar of Okawaru.
  7130 | D:7      | Found a radiant altar of Vehumet.
  7130 | D:7      | Found a stormy altar of Qazlal.
  7422 | D:7      | Found a runed gate.
  7422 | D:7      | Found a runed gate.
  7422 | D:7      | Found a runed gate.
  7422 | D:7      | Noticed riteheju's ghost (novice DsAs)
  7422 | D:7      | Noticed Kuinu's ghost (novice DrFE)
  7422 | D:7      | Noticed Mgcat's ghost (novice MfTm)
  7483 | D:7      | Found an ornate altar of the Wu Jian Council.
  8501 | D:4      | Killed inmateoo's ghost
  8648 | D:8      | Noticed a hand axe
  8652 | D:8      | Noticed a dagger
  8652 | D:8      | Noticed a two-headed ogre
  8653 | D:8      | Found a hide-covered altar of Uskayaw.
  8675 | D:8      | Demolished by a two-headed ogre

Vault maps used:
D:1:      lightli_arrival_maybe_door_vault, serial_glass, glass_columns_b,
          glass_columns_a, minmay_domino_2
D:3:      solitary_fountain, kennysheep_potato
D:4:      minmay_door_path, ebering_ghost_reflecting_pool
D:5:      first_ration
D:6:      minmay_temple_entry_poolview, portal_sewer_entry_b, basic_altar,
          enter_ossuary_3
D:7:      kennysheep_mini_moat, kennysheep_mini,
          gammafunk_temple_overflow_elements, gammafunk_ghost_cemetery
D:8:      minmay_curly_fans, dancing_weapons_uskayaw, lair_entry_dummy,
          grunt_pizzeria
Temple:   regret_index_temple_waves
Ossuary:  minmay_ossuary_gauntlet

Skill      XL: |  1  2  3  4  5  6  7  8  9 |
---------------+----------------------------+-----
Invocations    | 1 2 3 4 |  4.7
Short Blades   | 1 2 3 4 |  4.2
Axes           | 1 2 3 4 |  4.2
Maces & Flails | 1 2 3 4 |  4.2
Polearms       | 1 2 3 4 |  4.2
Staves         | 1 2 3 4 |  4.2
Slings         | 1 2 3 4 |  4.2
Bows           | 1 2 3 4 |  4.2
Crossbows      | 1 2 3 4 |  4.2
Throwing       | 1 2 3 4 |  4.2
Armour         | 1 2 3 4 |  4.2
Shields        | 1 2 3 4 |  4.2
Unarmed Combat | 1 2 3 4 |  4.2
Spellcasting   | 1 2 3 4 |  4.2
Evocations     | 1 2 3 4 |  4.2
Conjurations   | 1 2 3 |  3.5
Hexes          | 1 2 3 |  3.5
Charms         | 1 2 3 |  3.5
Summonings     | 1 2 3 |  3.5
Necromancy     | 1 2 3 |  3.5
Translocations | 1 2 3 |  3.5
Transmutations | 1 2 3 |  3.5
Fire Magic     | 1 2 3 |  3.5
Ice Magic      | 1 2 3 |  3.5
Air Magic      | 1 2 3 |  3.5
Earth Magic    | 1 2 3 |  3.5
Poison Magic   | 1 2 3 |  3.5
Fighting       | 7 |  7.9
Long Blades    | 7 |  7.9
Dodging        | 7 |  7.9
Stealth        | 5 6 |  6.0

Action                   |  1- 3 |  4- 6 |  7- 9 || total
-------------------------+-------+-------+-------++-------
Melee: Falchion          |    88 |    55 |       ||   143
       Bite              |     9 |    21 |    46 ||    76
       Long sword        |       |    74 |   173 ||   247
       Punch             |       |     1 |     4 ||     5
       Halberd           |       |       |   187 ||   187
 Fire: Hunting sling     |       |    26 |    25 ||    51
       Shortbow          |       |       |    88 ||    88
Throw: Stone             |     5 |       |       ||     5
 Cast: Call Imp          |       |       |     1 ||     1
Invok: Potion Petition   |       |       |     1 ||     1
  Use: Scroll            |       |     7 |     1 ||     8
       Potion            |       |       |     2 ||     2
 Stab: Sleeping          |     5 |     5 |     4 ||    14
       Invisible         |       |       |     2 ||     2
  Eat: Chunk             |     1 |     6 |     8 ||    15
       Ration            |       |       |     3 ||     3
Armor: Robe              |     3 |       |       ||     3
       Ring mail         |    11 |    43 |    48 ||   102
       Scale mail        |       |       |    53 ||    53
Dodge: Dodged            |    60 |   104 |   270 ||   434
       Rpst.: Falchion   |    18 |    11 |       ||    29
       Long sword        |       |    24 |    31 ||    55

Table legend:
 A = Spawn XP
 B = Non-spawn XP
 C = Spawn XP percentage of total XP
 D = Spawn monster count
 E = Non-spawn monster count
 F = Spawn count percentage of total count
 G = Total turns spent on level
                    A         B        C        D         E        F      G
               +---------+---------+-------+---------+---------+-------+---------
         Total |       0 |    3627 |   0.0 |       0 |     154 |   0.0 |  8675
               +---------+---------+-------+---------+---------+-------+---------
           D:1 |       0 |      64 |   0.0 |       0 |      28 |   0.0 |   961
           D:2 |       0 |      52 |   0.0 |       0 |      20 |   0.0 |   574
           D:3 |       0 |     136 |   0.0 |       0 |      24 |   0.0 |   934
           D:4 |       0 |     912 |   0.0 |       0 |      17 |   0.0 |  1690
           D:5 |       0 |    1115 |   0.0 |       0 |      25 |   0.0 |  1794
           D:6 |       0 |     705 |   0.0 |       0 |      20 |   0.0 |  1114
           D:7 |       0 |     497 |   0.0 |       0 |       9 |   0.0 |  1434
       Ossuary |       0 |     146 |   0.0 |       0 |      11 |   0.0 |   129
               +---------+---------+-------+---------+---------+-------+---------
